 Dungeon Crawl Stone Soup version 0.31-a0-844-gdc52ec4e09 (webtiles) character file.

Game seed: 7478650009243187754

744 CrazyBamboolord the Grave Robber (level 7, -5/35 HPs)
             Began as a Vine Stalker Necromancer on Sept 30, 2023.
             Slain by a water moccasin (6 damage)
             ... on level 5 of the Dungeon.
             The game lasted 00:08:26 (3540 turns).

CrazyBamboolord the Grave Robber (VSNe)             Turns: 3540, Time: 00:08:27

Health: -5/35      AC:  2    Str: 11    XL:     7   Next: 76%
Magic:  0/24       EV: 12    Int: 17    God:
Gold:   282        SH:  0    Dex: 14    Spells: 11/15 levels left

rFire   . . .        a - +2 dagger (venom)
rCold   . . .        (no shield)
rNeg    . . .        f - +0 robe
rPois   .            (no helmet)
rElec   .            (no cloak)
rCorr   .            (no gloves)
SInv    .            (no boots)
Will    .....        (no amulet)
Stlth   +++          i - ring of magical power
HPRegen 1.05/turn    (no ring)
MPRegen 0.19/turn

%: guardian spirit
@: lethally poisoned (-5 -> -9)
A: fangs 2, regeneration 1, magic shield, antimagic bite, no potion heal 2
a: no special abilities


You were on level 5 of the Dungeon.
You visited 1 branch of the dungeon, and saw 5 of its levels.

You collected 282 gold pieces.

Inventory:

Hand Weapons
 a - a +2 dagger of venom (weapon)
Missiles
 k - 2 throwing nets
Armour
 f - a +0 robe (worn)
Jewellery
 i - a ring of magical power (left hand)
Wands
 e - a wand of mindburst (23)
Scrolls
 c - 2 scrolls of poison
 d - 2 scrolls of torment
 h - a scroll of enchant armour
 j - a scroll of fog
Potions
 b - 2 potions of magic
 g - 2 potions of enlightenment
 l - a potion of attraction {unknown}
 m - 2 potions of resistance


   Skills:
 + Level 2.3 Fighting
 + Level 2.7 Dodging
 * Level 5.8 Stealth
 * Level 4.7 Spellcasting
 * Level 5.9 Necromancy


You had 11 spell levels left.
You knew the following spells:

 Your Spells              Type           Power      Damage    Failure   Level
a - Necrotise             Necr           96%        1d8       1%          1
b - Vampiric Draining     Necr           24%        2d7       3%          3

Your spell library contained the following spells:

 Spells                   Type           Power      Damage    Failure   Level
 Animate Dead             Necr           24%        N/A       13%         4
 Magic Dart               Conj           12%        1d3       14%         1
 Slow                     Hex            12%        N/A       14%         1
 Agony                    Necr           24%        N/A       34%         5
 Confusing Touch          Hex            3%         N/A       41%         3
 Frozen Ramparts          Ice            6%         1d1       41%         3
 Ignite Poison            Fire/Tmut/Pois 3%         N/A       41%         3
 Sigil of Binding         Hex            3%         N/A       41%         3
 Swiftness                Air            3%         N/A       41%         3
 Tukima's Dance           Hex            3%         N/A       41%         3
 Fulminant Prism          Conj/Hex       1%         3d5       82%         4
 Passage of Golubria      Tloc           3%         N/A       82%         4
 Petrify                  Tmut/Erth      3%         N/A       82%         4
 Sticky Flame             Conj/Fire      3%         2d3       82%         4
 Metabolic Englaciation   Hex/Ice        1%         N/A       99%         5
 Silence                  Hex/Air        1%         N/A       99%         5
 Yara's Violent Unravell  Hex/Tmut       1%         3d3       99%         5
 Orb of Destruction       Conj           1%         9d5       100%        7
 Ignition                 Fire           1%         3d3       100%        8


Dungeon Overview and Level Annotations

Branches:
Dungeon (5/15)
 Temple: D:4-7

Altars:

Annotations:
D:4 exclusion: upstairs


Innate Abilities, Weirdness & Mutations

You have extremely sharp teeth.
Your natural rate of healing is unusually fast.
When hurt, damage is shared between your health and your magic reserves.
Your bite disrupts and absorbs the magic of your enemies.
Potions cannot restore your health.


Message History

The water moccasin bites your orc skeleton.
Your orc skeleton misses the water moccasin.
You swap places.
The water moccasin bites your orc skeleton.
Your orc skeleton is destroyed!
Your orc skeleton misses the water moccasin.
Your orc skeleton closely misses the ogre.
There is an open door here.
Aiming: Necrotise (safe; 1% risk of failure)
Press: ? - help, Q - select action, (/) - cycle Shift-Dir - straight line, f/p - ogre
Aim: an ogre, wielding a +0 giant spiked club (moderately wounded, chance to affect: 83%)
The ogre barely resists.
The ogre hits you with a +0 giant spiked club!!
Ouch! That really hurt!
* * * LOW HITPOINT WARNING * * *
The water moccasin completely misses you.
Unknown command.
Your orc skeleton hits the ogre.
The ogre hits your orc skeleton with a +0 giant spiked club.
You miss the water moccasin. You bite the water moccasin. You drain its power.
You feel invigorated.
The water moccasin is lightly wounded.
The water moccasin barely misses you.
Your orc skeleton hits the ogre.
The water moccasin misses you.
You hit the water moccasin. Your bite misses the water moccasin.
The water moccasin is moderately wounded.
The water moccasin bites you!
* * * LOW HITPOINT WARNING * * *
You are lethally poisoned!
The water moccasin poisons you!
The ogre hits something with a +0 giant spiked club!
Your orc skeleton hits the ogre.
Aiming: Necrotise (safe; 1% risk of failure)
Press: ? - help, Q - select action, (/) - cycle Shift-Dir - straight line, f/p - ogre
Aim: an ogre, wielding a +0 giant spiked club (heavily wounded, chance to affect: 83%)
The water moccasin writhes in agony!
* * * LOW HITPOINT WARNING * * *
You feel very sick. The water moccasin bites you!
You die...

..........##.##.#
..........##.##.#
..........#.[##.#
.........)#.###.#
........)...#
######..####
##..##
#########..##
.......Z#@##
......)OS.#
......Z.###
........#
........#
........#
........#
#........
#........


You could see a water moccasin (ally target), an ogre and a friendly orc
skeleton.

Vanquished Creatures
  Pikel (D:5)
  A phantom (D:5)
  An orc priest (D:5)
  An iguana (D:5)
  An orc wizard (D:4)
  2 gnolls (D:3)
  An adder (D:5)
  A worm (D:4)
  11 orcs
  5 endoplasms
  3 giant cockroaches
  6 goblins
  5 hobgoblins
  8 jackals
  5 kobolds
  2 quokkas
  6 ball pythons
  6 bats
  3 frilled lizards
  4 rats
73 creatures vanquished.

Vanquished Creatures (collateral kills)
  A gnoll (D:3)
  An orc (D:3)
  2 goblins (D:1)
  A hobgoblin (D:1)
  A jackal (D:1)
6 creatures vanquished.

Grand Total: 79 creatures vanquished

Notes
Turn   | Place    | Note
-------+----------+-------------------------------------------
     0 | D:1      | CrazyBamboolord the Vine Stalker Necromancer began the
                  | quest for the Orb.
     0 | D:1      | Reached XP level 1. HP: 9/9 MP: 4/4
    30 | D:1      | Got a fusty book
   105 | D:1      | Reached XP level 2. HP: 10/13 MP: 0/6
   635 | D:1      | Reached XP level 3. HP: 17/17 MP: 1/7
   955 | D:2      | Identified the +1 mace of Mastery {vamp, rPois rF+ Will+
                  | Str-4}
  1664 | D:2      | Learned a level 3 spell: Vampiric Draining
  2256 | D:3      | Reached XP level 4. HP: 21/21 MP: 9/9
  2264 | D:3      | Reached skill level 1 in Fighting
  2770 | D:4      | Noticed a black bear
  2873 | D:4      | Reached XP level 5. HP: 15/25 MP: 3/10
  3160 | D:4      | You fall into a shaft and drop 1 floor!
  3160 | D:5      | Entered Level 5 of the Dungeon
  3164 | D:5      | Noticed a phantom
  3172 | D:5      | Killed a phantom
  3173 | D:5      | Reached skill level 5 in Necromancy
  3217 | D:5      | Reached XP level 6. HP: 30/30 MP: 12/12
  3496 | D:5      | Noticed Pikel
  3505 | D:5      | Killed Pikel
  3506 | D:5      | Reached skill level 5 in Stealth
  3506 | D:5      | Reached XP level 7. HP: 33/35 MP: 1/14
  3540 | D:5      | HP: 1/35 [poisoned by a water moccasin]
  3540 | D:5      | Slain by a water moccasin

Illustrated notes

Levels and vault maps discovered:
D:1:      scummos_arrival_simple_crosswalls, layout_rooms, roderic_lattice_a
D:2:      layout_rooms, serial_co_window_serial, co_window_paths_a,
          co_window_paths_b, co_window_paths_a, co_window_paths_a,
          co_window_paths_a, co_window_corner_a, co_window_paths_a,
          co_window_paths_a, co_window_of_opportunity_a, co_window_corner_ca,
          co_window_corner_ca, co_window_unsneaky_path_c, co_window_corner_ca,
          co_window_4corner_b, glass_columns_a
D:3:      layout_rooms
D:4:      layout_loops_cross, mainiacjoe_overflow_brackets,
          kennysheep_opposing_triangles
D:5:      layout_basic, gup_sewer_entry_bubbles, uniq_prince_ribbit1,
          uniq_pikel, uniq_grinder

Skill      XL: |  1  2  3  4  5  6 |
---------------+-------------------+-----
Stealth        | 3 4 5 |  5.8
Spellcasting   | 3 4 |  4.7
Fighting       | 1 2 |  2.3
Dodging        | 2 |  2.7
Necromancy     | 5 |  5.9

Action                     |  1- 3 |  4- 6 |  7- 9 || total
---------------------------+-------+-------+-------++-------
  Melee: Unarmed           |    25 |       |       ||    25
         Punch             |     2 |       |       ||     2
         Bite              |     7 |     2 |     2 ||    11
         Dagger            |    11 |    12 |     5 ||    28
  Throw: Throwing net      |       |     1 |       ||     1
   Cast: Necrotise         |    75 |    65 |    12 ||   152
         Vampiric Draining |       |     3 |       ||     3
    Use: Scroll            |     3 |     7 |       ||    10
         Potion            |       |     1 |       ||     1
   Stab: Sleeping          |     1 |       |       ||     1
 Armour: Robe              |    34 |    19 |     8 ||    61
  Dodge: Dodged            |    74 |    12 |     9 ||    95
         Form:             |     1 |       |       ||     1
         Beast             |     1 |       |       ||     1

Table legend: (Time is in decaauts)
 A = Elapsed time spent in this place.
 B = Non-inter-level travel time spent in this place.
 C = Inter-level travel time spent in this place.
 D = Time resting spent in this place.
 E = Time spent auto-exploring this place.
 F = Levels seen in this place.
 G = Mean time per level.
                   A        B        C        D        E       F      G
               +--------+--------+--------+--------+--------+-----+--------+
         Total |   3538 |   3296 |    242 |    258 |   2313 |   5 |  707.6 |
       Dungeon |   3538 |   3296 |    242 |    258 |   2313 |   5 |  707.6 |
               +--------+--------+--------+--------+--------+-----+--------+

Top non-repeatable levels by time:
     D:2: 1064 daAuts
     D:3: 896 daAuts
     D:1: 872 daAuts
     D:5: 364 daAuts
     D:4: 341 daAuts
